[Event "Titled Tuesday Blitz February 15 Late 2022"]
[White "Al Hosani, Omran"]
[Black "Dubov, Daniil"]
[WhiteFideId "9308733"]
[BlackFideId "24126055"]
[WhiteElo "2246"]
[BlackElo "2791"]
[Result "0-1"]
[Round "01"]
[TimeControl "180+1"]
[Date "2022.02.15"]
[WhiteClock "0:00:02"]
[BlackClock "0:00:37"]

1. d4 Nf6 2. c4 d6 3. Nf3 Nbd7 4. g3 e5 5. Bg2 exd4 6. Nxd4 g6 7. O-O h5 8. Bg5 h4 9. Bxh4 Ne5 10. Nc3 Rxh4 11. gxh4 Nh5 12. Nf3 Bg7 13. Ne4 Nxf3+ 14. exf3 Qxh4 15. Ng3 Nf4 16. Re1+ Be6 17. c5 O-O-O 18. c6 Rh8 19. h3 Bxh3 20. Qb3 bxc6 21. Qxf7 Bd7 22. Kf1 c5 23. Re4 Bb5+ 24. Ke1 Nxg2+ 25. Kd1 Qf6 26. Qd5 Kd7 27. f4 Bc6 0-1


[Site "https://www.chess.com"]

[Event "Titled Tuesday Blitz February 15 Late 2022"]
[White "Al Mukhaini, Shima"]
[Black "Kavyev, Ruslan"]
[WhiteFideId "22005854"]
[BlackFideId "34110981"]
[WhiteElo "2388"]
[BlackElo "2182"]
[Result "0-1"]
[Round "01"]
[TimeControl "180+1"]
[Date "2022.02.16"]
[WhiteClock "0:00:19"]
[BlackClock "0:00:16"]

1. b3 e5 2. Bb2 Nc6 3. e3 Nf6 4. Bb5 Bd6 5. Ne2 O-O 6. Ng3 a6 7. Bxc6 dxc6 8. d3 Bg4 9. f3 Bd7 10. Nd2 Nd5 11. Qe2 Bc5 12. Ndf1 Bb4+ 13. Nd2 Nc3 14. Qf2 Nd5 15. O-O Qe7 16. a3 Bc5 17. d4 Ba7 18. c4 exd4 19. Bxd4 Nxe3 20. Bxa7 Nxf1 21. Bc5 Qf6 22. Rxf1 Rfe8 23. Bd4 Qd6 24. b4 Rad8 25. Nde4 Qg6 26. Qb2 h5 27. Nc5 h4 28. Nge4 h3 29. g3 Bf5 30. Nxb7 Rb8 31. Nbc5 Rbd8 32. Kf2 Bxe4 33. Nxe4 Rxe4 34. fxe4 Qxe4 35. Rd1 Qg2+ 36. Ke3 Re8+ 37. Be5 Qxb2 0-1


[Site "https://www.chess.com"]

[Event "Titled Tuesday Blitz February 15 Late 2022"]
[White "Al-Tarboush, Ward"]
[Black "Fedoseev, Vladimir"]
[WhiteFideId "7601450"]
[BlackFideId "24130737"]
[WhiteElo "2276"]
[BlackElo "2726"]
[Result "0-1"]
[Round "01"]
[TimeControl "180+1"]
[Date "2022.02.15"]
[WhiteClock "0:00:01"]
[BlackClock "0:00:09"]

1. e4 e5 2. Nf3 Nc6 3. Bb5 Nf6 4. O-O Nxe4 5. d4 Nd6 6. Bxc6 dxc6 7. dxe5 Nf5 8. Qxd8+ Kxd8 9. Nc3 Bd7 10. b3 Kc8 11. Bb2 Be7 12. Rad1 Re8 13. Rfe1 a5 14. h3 Ra6 15. g4 Nh4 16. Nxh4 Bxh4 17. Ne4 Be6 18. Nc5 Ra8 19. Nxe6 fxe6 20. Kg2 Rf8 21. Re2 c5 22. f3 b6 23. a4 Rf7 24. Red2 Bg5 25. Rd3 Be7 26. Rd7 Kb7 27. f4 Re8 28. f5 exf5 29. e6 Rff8 30. Be5 Bd8 31. Bxg7 Rg8 32. gxf5 Bf6 33. Kf3 Bxg7 34. Rf7 Be5 35. Ke4 Bh2 36. Rd2 Bg3 37. Rxh7 Kc6 38. Rg2 Rd8 39. f6 Rd4+ 40. Ke3 Bf4+ 41. Kf3 Rxg2 42. Kxg2 Bd6 43. e7 Re4 44. Rh8 Bxe7 45. fxe7 Rxe7 46. Rh6+ Kd5 47. Kf3 Kd4 48. Rh4+ Kc3 49. Rc4+ Kd2 50. h4 c6 51. h5 Re5 52. Kg4 b5 53. axb5 cxb5 54. Rf4 Kxc2 55. Rf3 Kb2 56. h6 a4 57. Rh3 axb3 58. Rh2+ Ka3 59. h7 Re8 0-1


[Site "https://www.chess.com"]

[Event "Titled Tuesday Blitz February 15 Late 2022"]
[White "Aradhya, Garg"]
[Black "Sanchez, Robert"]
[WhiteFideId "25006746"]
[BlackFideId "2034360"]
[WhiteElo "2169"]
[BlackElo "2311"]
[Result "1-0"]
[Round "01"]
[TimeControl "180+1"]
[Date "2022.02.16"]
[WhiteClock "0:01:01"]
[BlackClock "0:00:20"]

1. d4 Nf6 2. Nf3 e6 3. Bf4 b6 4. e3 Bb7 5. Bd3 Be7 6. O-O O-O 7. h3 c5 8. c3 Nc6 9. Nbd2 cxd4 10. exd4 d6 11. Qe2 Re8 12. Rfe1 h6 13. a4 Bf8 14. Nc4 Rc8 15. Rad1 Qc7 16. Bg3 a6 17. Ne3 Ne7 18. Ng4 Nxg4 19. hxg4 Qc6 20. Bxa6 Bxa6 21. Qxa6 Ra8 22. d5 Nxd5 23. Qb5 Qxb5 24. axb5 Ra2 25. Rd2 Rc8 26. g5 hxg5 27. Nxg5 Nxc3 28. Rc2 Rc5 29. Nxe6 fxe6 30. Rxc3 Rxb2 31. Rxc5 dxc5 32. Rxe6 Rxb5 33. Rc6 Rb1+ 34. Kh2 b5 35. Rc8 Kf7 36. Rc7+ Ke6 37. Rc8 Be7 38. f4 g6 39. Rc6+ Kf5 40. Bf2 c4 41. g3 Rb2 42. Kg2 Bf6 43. Kf3 Rb3+ 44. Be3 Bd4 45. g4# 1-0


[Site "https://www.chess.com"]

[Event "Titled Tuesday Blitz February 15 Late 2022"]
[White "Ardila, Oscar Humberto"]
[Black "Jakubowski, Krzysztof"]
[WhiteFideId "4404742"]
[BlackFideId "1112848"]
[WhiteElo "1898"]
[BlackElo "2365"]
[Result "0-1"]
[Round "01"]
[TimeControl "180+1"]
[Date "2022.02.16"]
[WhiteClock "0:00:10"]
[BlackClock "0:00:28"]

1. d4 Nf6 2. c4 e6 3. Nc3 Bb4 4. Bd2 b6 5. Nf3 Bb7 6. e3 O-O 7. Be2 Re8 8. O-O d5 9. cxd5 exd5 10. Rc1 a6 11. Ne5 Nbd7 12. f4 Bxc3 13. Rxc3 Ne4 14. Rc2 f6 15. Nc6 Bxc6 16. Rxc6 a5 17. Be1 Nf8 18. Qc2 Re7 19. Bf3 Ra7 20. Bf2 Qd7 21. Rc1 f5 22. Qb3 Ne6 23. Bxe4 fxe4 24. Bg3 Nd8 25. R6c2 Rb7 26. h3 Rf7 27. Bh2 h5 28. Bg3 g6 29. Bh4 Ne6 30. a4 Ng7 31. Qb5 Nf5 32. Bf2 h4 33. Rc6 Kh7 34. R6c3 Kg7 35. Qxd7 Rxd7 36. Rc6 Kh6 37. Kf1 Kh5 38. Ke2 Ne7 39. R6c3 c6 40. Be1 Rd6 41. R3c2 Ra7 42. b4 Re6 43. b5 cxb5 44. axb5 g5 45. fxg5 Kxg5 46. Rc7 Ra8 47. Rb7 a4 48. Bb4 Nf5 49. Ra1 Rf6 50. Be7 Nxe7 51. Rxe7 Raf8 52. Kd2 Rf2+ 53. Kc3 Rc8+ 54. Kb4 Rb2+ 55. Ka3 Rb3+ 56. Kxa4 Rxe3 57. Ra7 Rc4# 0-1


[Site "https://www.chess.com"]

[Event "Titled Tuesday Blitz February 15 Late 2022"]
[White "Barp, Alberto"]
[Black "Komissarov, Alexey"]
[WhiteFideId "872555"]
[BlackFideId "4176545"]
[WhiteElo "2229"]
[BlackElo "2216"]
[Result "1-0"]
[Round "01"]
[TimeControl "180+1"]
[Date "2022.02.16"]
[WhiteClock "0:02:24"]
[BlackClock "0:02:00"]

1. d4 d5 2. c4 e6 3. Nf3 Nf6 4. g3 dxc4 5. Bg2 a6 6. O-O Nc6 7. e3 Rb8 8. Nfd2 Na5 9. Qa4+ c6 10. b4 cxb3 11. axb3 b6 12. b4 1-0


[Site "https://www.chess.com"]

[Event "Titled Tuesday Blitz February 15 Late 2022"]
[White "Bellissimo, Joseph F."]
[Black "Grischuk, Alexander"]
[WhiteFideId "2609843"]
[BlackFideId "4126025"]
[WhiteElo "2061"]
[BlackElo "2762"]
[Result "0-1"]
[Round "01"]
[TimeControl "180+1"]
[Date "2022.02.15"]
[WhiteClock "0:00:16"]
[BlackClock "0:00:12"]

1. e4 d5 2. exd5 Qxd5 3. Nc3 Qa5 4. d4 Nf6 5. Nf3 c6 6. Ne5 Be6 7. Bd3 Nbd7 8. Bf4 g6 9. O-O Bg7 10. Qe2 O-O 11. h3 Nb6 12. Bd2 Nbd5 13. Ne4 Qd8 14. Nc5 Bc8 15. c4 Nc7 16. Bc3 Qd6 17. Rad1 Ne6 18. Nxe6 Bxe6 19. b3 Rad8 20. f4 Bc8 21. Kh1 Qc7 22. f5 c5 23. d5 Nd7 24. Nxd7 Qxd7 25. Bxg7 Kxg7 26. Qe5+ Kg8 27. fxg6 hxg6 28. Rde1 Rde8 29. Re4 Qd6 30. Qc3 f5 31. Rh4 Qf6 32. Qe1 e5 33. Qg3 e4 34. Bxe4 Kg7 35. Bb1 Qe5 36. Rhf4 Rf6 37. Qg5 b6 38. Bxf5 Bxf5 39. Rxf5 Rxf5 40. Rxf5 Qxf5 41. Qg3 Qe5 42. Qg4 Rf8 43. Qd1 Rf4 44. Qc1 Re4 45. Qf1 Re1 46. Qxe1 Qxe1+ 47. Kh2 Qe5+ 48. g3 Kf6 49. h4 Qe2+ 50. Kh3 Qxa2 51. Kg4 Qxb3 52. d6 Qxc4+ 53. Kh3 Qe6+ 54. Kh2 Qxd6 55. h5 gxh5 56. Kh3 Kg5 57. g4 hxg4+ 58. Kg2 Qd3 59. Kf2 c4 60. Ke1 c3 61. Kf2 b5 62. Kg2 b4 63. Kf2 b3 64. Ke1 Qd2+ 65. Kf1 c2 66. Kg1 b2 67. Kh1 a5 68. Kg1 a4 69. Kf1 a3 70. Kg1 a2 71. Kf1 a1=N 72. Kg1 b1=B 73. Kh1 c1=R# 0-1


[Site "https://www.chess.com"]

[Event "Titled Tuesday Blitz February 15 Late 2022"]
[White "Bluebaum, Matthias"]
[Black "Fiorito, Fabian"]
[WhiteFideId "24651516"]
[BlackFideId "100200"]
[WhiteElo "2550"]
[BlackElo "2395"]
[Result "0-1"]
[Round "01"]
[TimeControl "180+1"]
[Date "2022.02.16"]
[WhiteClock "0:00:51"]
[BlackClock "0:00:26"]

1. d4 d5 2. Nc3 Nf6 3. Bf4 a6 4. e3 e6 5. g4 Bb4 6. Ne2 O-O 7. a3 Be7 8. Ng3 b5 9. g5 Nfd7 10. e4 Bxg5 11. Qd2 Bxf4 12. Qxf4 dxe4 13. Ncxe4 Nf6 14. Rg1 Kh8 15. O-O-O Nbd7 16. Bd3 Bb7 17. Nc5 Bd5 18. Qh4 Nxc5 19. dxc5 c6 20. Rde1 Rb8 21. Re5 Bc4 22. Rd1 Bxd3 23. Rxd3 Qc7 24. Rg5 h6 25. Nh5 hxg5 26. Qxg5 Nxh5 27. Qxh5+ Kg8 28. Rh3 Qf4+ 29. Kb1 f6 30. Rg3 Rbd8 31. b3 Rd5 32. Qg6 Rg5 33. Qd3 Rxg3 34. fxg3 Qe5 35. Qd7 Qd5 36. Qe7 e5 37. h4 e4 38. h5 Qe5 39. Qd7 e3 40. Qd1 e2 41. Qe1 Rd8 42. Ka2 Rd1 43. Qxe2 Qa1# 0-1


[Site "https://www.chess.com"]

[Event "Titled Tuesday Blitz February 15 Late 2022"]
[White "Bolanos, Fernando"]
[Black "Senthil Maran K"]
[WhiteFideId "3304094"]
[BlackFideId "25035681"]
[WhiteElo "2019"]
[BlackElo "2194"]
[Result "0-1"]
[Round "01"]
[TimeControl "180+1"]
[Date "2022.02.16"]
[WhiteClock "0:00:25"]
[BlackClock "0:01:20"]

1. e4 c6 2. Nf3 d5 3. Nc3 dxe4 4. Nxe4 Nf6 5. Qe2 Nxe4 6. Qxe4 Nd7 7. g3 Nf6 8. Qe2 Bf5 9. Bg2 Bxc2 10. d4 Be4 11. O-O e6 12. Bg5 Qd5 13. Bf4 Bd6 14. Bxd6 Qxd6 15. Rfe1 O-O 16. Qc4 Qd5 17. Qc3 Rad8 18. Rad1 Rd6 19. Re3 Rfd8 20. Rde1 Bxf3 21. Bxf3 Qxd4 22. Qa3 g6 23. Rb3 b5 24. Rd1 Qe5 25. Rxd6 Rxd6 26. Qxa7 Rd2 27. Qe3 Qxe3 28. Rxe3 Rxb2 29. Bxc6 b4 30. Rb3 Rxb3 31. axb3 Kf8 32. Kf1 Ke7 33. Ke2 Kd6 34. Ba4 Kc5 35. f3 Kd4 36. h4 Nd5 37. Be8 f6 38. Bf7 e5 39. Bg8 h6 40. Kd2 Ne7 41. Be6 Nf5 42. h5 Nxg3 43. hxg6 Nh5 44. Ke2 Ng7 45. Bc4 h5 46. Kf2 f5 47. Kg3 Ke3 48. Bd5 Kd4 49. Kh4 Kxd5 50. Kg5 Ke6 51. Kh6 Kf6 52. Kh7 h4 0-1


[Site "https://www.chess.com"]

[Event "Titled Tuesday Blitz February 15 Late 2022"]
[White "Bortnyk, Olexandr"]
[Black "Zhurbinsky, David"]
[WhiteFideId "14120828"]
[BlackFideId "2072904"]
[WhiteElo "2723"]
[BlackElo "2536"]
[Result "1-0"]
[Round "01"]
[TimeControl "180+1"]
[Date "2022.02.15"]
[WhiteClock "0:00:46"]
[BlackClock "0:00:27"]

1. e4 e5 2. Bc4 Nf6 3. d3 Bc5 4. Nc3 Nc6 5. Bg5 h6 6. Bh4 d6 7. Nf3 Bg4 8. h3 Bxf3 9. Qxf3 Nd4 10. Qd1 g5 11. Bg3 Qd7 12. Ne2 O-O-O 13. c3 Nxe2 14. Qxe2 Rhe8 15. O-O-O d5 16. Bb3 d4 17. cxd4 Bxd4 18. Kb1 Kb8 19. Rc1 Qe7 20. Qf3 Rd6 21. Rc2 Rb6 22. Rhc1 c6 23. Rc4 Ka8 24. h4 g4 25. Qf5 h5 26. R1c2 Rd8 27. Qg5 a6 28. Rxd4 Rxd4 29. Bxe5 Rxd3 30. Qxf6 Qd7 31. Qh8+ Ka7 32. Qb8# 1-0


[Site "https://www.chess.com"]

[Event "Titled Tuesday Blitz February 15 Late 2022"]
[White "Brunner, Nicolas"]
[Black "Tari, Aryan"]
[WhiteFideId "620246"]
[BlackFideId "1510045"]
[WhiteElo "2372"]
[BlackElo "2567"]
[Result "0-1"]
[Round "01"]
[TimeControl "180+1"]
[Date "2022.02.15"]
[WhiteClock "0:00:01"]
[BlackClock "0:00:10"]

1. d4 d5 2. c4 e6 3. Nf3 Nf6 4. g3 Bd6 5. Bg2 O-O 6. O-O h6 7. Qc2 b6 8. b3 Bb7 9. Bb2 Nbd7 10. Nc3 a6 11. Rad1 Re8 12. Rfe1 Qe7 13. e3 Bb4 14. Nd2 Rac8 15. e4 dxe4 16. Ndxe4 Nxe4 17. Bxe4 Bxe4 18. Qxe4 Nf6 19. Qc6 Qd6 20. Qf3 Rcd8 21. Kg2 Ba3 22. Ba1 Qd7 23. d5 e5 24. Ne4 Nxe4 25. Rxe4 Bd6 26. g4 Rf8 27. Qf5 Qxf5 28. gxf5 f6 29. Kf3 Kf7 30. Rg4 Rg8 31. Rdg1 b5 32. Rc1 bxc4 33. Rcxc4 Rb8 34. Ra4 Rb6 35. Bc3 Rgb8 36. Rgc4 Rb5 37. Ke4 g6 38. Rxa6 gxf5+ 39. Kxf5 Rxd5 40. Ra7 Rg8 41. Rcxc7+ Bxc7 42. Rxc7+ Ke8 43. Rc8+ Rd8 44. Rxd8+ Kxd8 45. Kxf6 Rg2 46. Bxe5 Rxf2+ 47. Kg6 Rxa2 48. Kxh6 Ra5 49. Bf6+ Ke8 50. Kg6 Rb5 51. h4 Rxb3 52. h5 Rg3+ 53. Kf5 Kf7 54. Bg5 Rh3 55. Kg4 Rh1 56. Bf4 Rg1+ 57. Kh3 Kf6 58. Kh2 Rg4 59. Bb8 Rh4+ 60. Kg1 Rxh5 61. Ba7 Rb5 62. Kg2 Kf5 63. Kg1 Rb2 64. Kh1 Ra2 65. Bb6 Ke4 66. Bc5 Kf3 67. Bb6 Kg3 68. Bc7+ Kf2 69. Bb6+ Kf3 70. Bc5 Rc2 71. Bb6 Rc6 72. Ba7 Rc8 73. Bb6 Kg3 74. Ba7 Rh8+ 75. Kg1 Ra8 76. Bf2+ Kf3 77. Bb6 Rg8+ 78. Kh1 Rg6 79. Ba7 Rg2 80. Bb6 Ra2 81. Bc5 Rd2 82. Bb6 Rd7 83. Bc5 Kg3 84. Bb6 Rb7 85. Bc5 Rb1+ 86. Bg1 Kf3 87. Kh2 Rb2+ 88. Kh1 Ra2 89. Bb6 Ra6 90. Bc5 Rc6 91. Ba7 Kg3 92. Bb8+ Kf2 93. Ba7+ Kf3 94. Kg1 Rh6 95. Kf1 Rg6 0-1


[Site "https://www.chess.com"]

[Event "Titled Tuesday Blitz February 15 Late 2022"]
[White "Bugayev, Vladimir"]
[Black "Kozak, Adam"]
[WhiteFideId "30901480"]
[BlackFideId "753246"]
[WhiteElo "2419"]
[BlackElo "2459"]
[Result "0-1"]
[Round "01"]
[TimeControl "180+1"]
[Date "2022.02.16"]
[WhiteClock "0:00:23"]
[BlackClock "0:00:03"]

1. e4 c5 2. Nc3 d6 3. f4 Nf6 4. Nf3 a6 5. a4 Nc6 6. Bc4 g6 7. O-O Bg7 8. d3 O-O 9. Qe1 Bd7 10. Qh4 Na5 11. Ba2 c4 12. f5 b5 13. Bh6 Qb6+ 14. Kh1 Bc6 15. Ng5 Nh5 16. Bxg7 Kxg7 17. fxg6 hxg6 18. g4 Bd7 19. gxh5 f6 20. h6+ Kh8 21. Ne6 Bxe6 22. Ne2 g5 23. Qh5 Bf7 24. Qh3 Nc6 25. Ng3 Nd4 26. Nf5 Nxf5 27. Qxf5 Rac8 28. h4 Rc5 29. Qd7 Re8 30. Rxf6 exf6 31. Qxf7 Rg8 32. Qxf6+ Kh7 33. hxg5 Qc7 34. Qf5+ Rxf5 35. exf5 Rxg5 36. Kh2 Qc6 0-1


[Site "https://www.chess.com"]

[Event "Titled Tuesday Blitz February 15 Late 2022"]
[White "Carreto Nieto, Giovanni"]
[Black "Sadhwani, Raunak"]
[WhiteFideId "5105030"]
[BlackFideId "35093487"]
[WhiteElo "2221"]
[BlackElo "2616"]
[Result "0-1"]
[Round "01"]
[TimeControl "180+1"]
[Date "2022.02.15"]
[WhiteClock "0:02:14"]
[BlackClock "0:01:51"]

1. e4 e5 2. Nf3 Nc6 3. d4 exd4 4. Nxd4 Nf6 5. Nxc6 bxc6 6. e5 Qe7 7. Qe2 Nd5 8. c4 Ba6 9. b3 g6 10. f4 d6 11. exd6 Qxe2+ 12. Bxe2 Bg7 13. cxd5 Bxe2 14. Kxe2 Bxa1 15. dxc7 cxd5 16. Ba3 Kd7 17. Rc1 Rac8 18. Rd1 Rxc7 19. Rxd5+ Kc8 20. Nd2 Re8+ 21. Kf3 Rd8 22. Rxd8+ Kxd8 23. Nc4 Rd7 24. Bd6 Bf6 25. Ke2 Be7 26. Be5 f6 27. Bc3 Ke8 28. g3 Kf7 29. Bd2 Bc5 30. Bc3 Ke6 31. h3 Bd4 32. Bd2 h5 33. Kf3 Bc5 34. g4 Rd3+ 35. Kg2 hxg4 36. hxg4 Bd4 37. Kf1 Rg3 38. g5 f5 39. Ke2 Kd5 40. Kd1 Ke4 41. Nd6+ Kd3 0-1


[Site "https://www.chess.com"]

[Event "Titled Tuesday Blitz February 15 Late 2022"]
[White "Celestino, Rafael Teixeira"]
[Black "Hakemi, Arman"]
[WhiteFideId "2108925"]
[BlackFideId "22520805"]
[WhiteElo "2301"]
[BlackElo "2208"]
[Result "0-1"]
[Round "01"]
[TimeControl "180+1"]
[Date "2022.02.16"]
[WhiteClock "0:00:29"]
[BlackClock "0:01:23"]

1. e4 c5 2. Nf3 e6 3. d4 cxd4 4. Nxd4 Nc6 5. Nc3 Qc7 6. Be3 a6 7. Be2 Nf6 8. O-O Bb4 9. Bf3 O-O 10. Qd3 Ne5 11. Qe2 Bxc3 12. bxc3 Qxc3 13. Rad1 b5 14. g3 Nxf3+ 15. Nxf3 d5 16. Bd4 Qc4 17. Qe3 Nxe4 18. Ne5 Qc7 19. f3 Nd6 20. Ng4 Nf5 21. Qd3 Nxd4 22. Qxd4 Bb7 23. Rd2 Rac8 24. h4 Qc5 25. Qxc5 Rxc5 26. Ne5 Rfc8 27. Rff2 f6 28. Nd3 R5c7 29. Nf4 Kf7 30. Rfe2 Re7 31. h5 Rd8 32. Nd3 Rc7 33. f4 d4 34. Kf2 a5 35. g4 b4 36. Kg3 h6 37. Rd1 Ba6 38. Rde1 Rd6 39. Kf3 Rc3 40. Ke4 Bb7# 0-1


[Site "https://www.chess.com"]

[Event "Titled Tuesday Blitz February 15 Late 2022"]
[White "Chernomordik, Pavel"]
[Black "Pichot, Alan"]
[WhiteFideId "2804530"]
[BlackFideId "110973"]
[WhiteElo "2463"]
[BlackElo "2844"]
[Result "0-1"]
[Round "01"]
[TimeControl "180+1"]
[Date "2022.02.16"]
[WhiteClock "0:00:01"]
[BlackClock "0:00:08"]

1. e4 c5 2. Nc3 Nc6 3. Bb5 Nd4 4. Bc4 e6 5. Nge2 a6 6. a4 Qc7 7. d3 Nf6 8. Be3 Nc6 9. f4 d6 10. Ng3 h5 11. h3 b6 12. Qf3 Bb7 13. Qf2 Nb4 14. Bb3 d5 15. exd5 exd5 16. d4 c4 17. Ba2 g6 18. O-O h4 19. Nh1 Bd6 20. Rae1 O-O-O 21. Bb1 Rde8 22. Qd2 Nh5 23. Re2 f5 24. Nd1 Re4 25. c3 Nd3 26. Bxd3 cxd3 27. Qxd3 Rhe8 28. Ref2 Qc4 29. Qd2 a5 30. Rf3 Ba6 31. Re1 Nxf4 32. Nhf2 Ne2+ 33. Rxe2 Qxe2 34. Nxe4 Rxe4 35. Rf2 Qxd2 36. Rxd2 Bg3 37. Bf2 f4 38. b3 Be2 0-1


[Site "https://www.chess.com"]

[Event "Titled Tuesday Blitz February 15 Late 2022"]
[White "Corrales Jimenez, Fidel"]
[Black "Lopez Gracia, Fernando"]
[WhiteFideId "3506690"]
[BlackFideId "2207184"]
[WhiteElo "2541"]
[BlackElo "2419"]
[Result "1-0"]
[Round "01"]
[TimeControl "180+1"]
[Date "2022.02.16"]
[WhiteClock "0:00:13"]
[BlackClock "0:00:17"]

1. d3 c5 2. c4 g6 3. Nc3 Bg7 4. g3 Nc6 5. Bg2 e6 6. e4 Nge7 7. Nge2 O-O 8. O-O a6 9. Be3 b6 10. f4 Bb7 11. d4 cxd4 12. Nxd4 Rc8 13. Nxc6 Bxc6 14. Rc1 b5 15. cxb5 axb5 16. b4 d5 17. e5 Nf5 18. Bc5 d4 19. Bxf8 Bxg2 20. Bxg7 Bxf1 21. Bf6 Qe8 22. Ne4 Rxc1 23. Qxc1 Bc4 24. Qa3 Qc6 25. Qa7 Qc8 26. Nd6 Nxd6 27. exd6 Bd5 28. Qc7 Qxc7 29. dxc7 Bb7 30. Bxd4 Kf8 31. Bf6 Ke8 32. g4 Kd7 33. Bd8 Bf3 34. g5 Bd5 35. a3 Bb7 36. Kf2 e5 37. fxe5 Ke6 38. Bf6 Kd7 39. e6+ Kxe6 40. Ke3 Kd5 41. Kf4 Bc8 42. Bb2 Bd7 43. h4 Bc8 44. Bf6 Bd7 45. Ke3 Bc8 46. Kd3 Kc6 47. Bd8 Kd5 48. Kc3 Bd7 49. Kb3 Kd4 50. Bf6+ Ke4 51. Kc3 Kf4 52. Kd4 Kg4 53. Kd5 Kxh4 54. Kd6 Bf5 55. Ke7 Be6 56. Kd8 Bg4 57. c8=Q Bxc8 58. Kxc8 Kg4 59. Kc7 Kf5 60. Kc6 h5 61. Kxb5 h4 62. Bd8 h3 63. Bc7 Kxg5 64. a4 f5 65. Bh2 Kg4 66. a5 Kf3 67. a6 Kg2 68. a7 Kxh2 69. a8=Q Kg1 70. Qa1+ Kg2 71. Qb2+ Kg1 72. Qc1+ Kg2 73. Qd2+ Kg1 74. Qg5+ Kf2 75. Qxg6 h2 76. Qxf5+ Kg2 77. Qg4+ 1-0


[Site "https://www.chess.com"]

[Event "Titled Tuesday Blitz February 15 Late 2022"]
[White "Curtis, John"]
[Black "Saveliev, Alexei"]
[WhiteFideId "3200256"]
[BlackFideId "24128546"]
[WhiteElo "2203"]
[BlackElo "2281"]
[Result "0-1"]
[Round "01"]
[TimeControl "180+1"]
[Date "2022.02.16"]
[WhiteClock "0:00:18"]
[BlackClock "0:00:25"]

1. e4 g6 2. d4 Bg7 3. Nf3 d6 4. Be2 Nc6 5. O-O Nf6 6. Be3 O-O 7. Nc3 Ng4 8. Bg5 h6 9. Bc1 e5 10. dxe5 Ngxe5 11. Nxe5 Nxe5 12. Be3 Kh7 13. Bd4 f5 14. f4 Nc6 15. Bxg7 Kxg7 16. Bf3 fxe4 17. Bxe4 Bf5 18. Qd3 Qd7 19. Nd5 Bxe4 20. Qxe4 Rae8 21. Qc4 Qf7 22. Rae1 Kh7 23. Rxe8 Rxe8 24. Rd1 Re6 25. Qc3 a6 26. h3 h5 27. g3 a5 28. a3 a4 29. Qd3 Nd8 30. Rf1 c6 31. f5 Re5 32. fxg6+ Qxg6 33. Qxg6+ Kxg6 34. Rf6+ Kg7 35. Rxd6 Rxd5 36. Rxd5 cxd5 37. Kf2 Kf6 38. Ke3 Ke5 39. Kd3 Ne6 40. g4 hxg4 41. hxg4 b5 42. b3 axb3 43. cxb3 Nc5+ 44. Kc3 d4+ 45. Kc2 Ke4 46. g5 Ke3 47. Kd1 Ne4 48. g6 d3 49. g7 Nf2+ 50. Ke1 d2+ 51. Kf1 d1=Q+ 52. Kg2 Qh1+ 53. Kg3 Qh3# 0-1


[Site "https://www.chess.com"]

[Event "Titled Tuesday Blitz February 15 Late 2022"]
[White "Deac, Bogdan-Daniel"]
[Black "Abdyzhapar, Asylbek"]
[WhiteFideId "1226380"]
[BlackFideId "13800337"]
[WhiteElo "2646"]
[BlackElo "2331"]
[Result "0-1"]
[Round "01"]
[TimeControl "180+1"]
[Date "2022.02.15"]
[WhiteClock "0:00:01"]
[BlackClock "0:00:13"]

1. e4 c6 2. Nf3 d5 3. d3 dxe4 4. dxe4 Qxd1+ 5. Kxd1 Nf6 6. Nfd2 g5 7. a4 g4 8. Nc3 Nbd7 9. Nc4 e6 10. h3 Bb4 11. hxg4 Nxg4 12. Ke1 Nde5 13. Rh5 Nxc4 14. Bxc4 Nf6 15. Rh4 Rg8 16. g3 e5 17. Bd2 Bg4 18. Be2 Be6 19. Nd1 a5 20. Ne3 Ke7 21. Nc4 Bxc4 22. Bxc4 Bxd2+ 23. Kxd2 Rad8+ 24. Bd3 h5 25. Ke2 Rg4 26. Rah1 Rd4 27. b3 Nxe4 28. Rxh5 Ng5 29. Bf5 Rge4+ 30. Bxe4 Rxe4+ 31. Kf1 Nf3 32. c4 Nd2+ 33. Kg2 Nxb3 34. Rb1 Nc5 35. f3 Rxc4 36. Rxe5+ Kd6 37. f4 f6 38. Rd1+ Kc7 39. Rf5 Nd7 40. Rxa5 Rc2+ 41. Kh3 Nb6 42. Rf5 Nd5 43. Re1 Rc3 44. Re4 Ra3 45. Rh5 Kd6 46. Rh7 b6 47. Kg4 Ne3+ 48. Kh5 Nf5 49. Kg6 Nxg3 50. Re8 f5 51. Kf6 Kc5 52. Re5+ Kd4 53. Rd7+ Kc4 54. Rc7 c5 55. Rb7 Rb3 56. Re6 Kd5 57. Rexb6 Ra3 58. Rb5 Ne4+ 59. Kg6 Rg3+ 0-1


[Site "https://www.chess.com"]

[Event "Titled Tuesday Blitz February 15 Late 2022"]
[White "Debray, Christopher"]
[Black "Djabri,Massinas"]
[WhiteFideId "630810"]
[BlackFideId "7905726"]
[WhiteElo "2369"]
[BlackElo "1941"]
[Result "1-0"]
[Round "01"]
[TimeControl "180+1"]
[Date "2022.02.16"]
[WhiteClock "0:00:27"]
[BlackClock "0:00:09"]

1. d4 Nf6 2. Bf4 d5 3. e3 c5 4. Nc3 e6 5. Nb5 Na6 6. a4 Be7 7. c3 O-O 8. Nf3 Nh5 9. Bg3 Nxg3 10. hxg3 Nc7 11. Bd3 f5 12. Qe2 c4 13. Bc2 Nxb5 14. axb5 Bd7 15. Ba4 a6 16. bxa6 Rxa6 17. Qd1 Qa8 18. Ne5 Rxa4 19. Rb1 Be8 20. g4 Bd6 21. gxf5 Bxe5 22. dxe5 Rxf5 23. O-O Qb8 24. e4 Qxe5 25. exf5 Qxf5 26. Ra1 b5 27. Rxa4 bxa4 28. Re1 Bd7 29. Qd4 Qc2 30. Qb6 Kf7 31. Re3 Qd1+ 32. Kh2 Qh5+ 33. Rh3 Qe5+ 34. g3 h6 35. Rh4 Ke7 36. Rf4 Qh5+ 37. Kg2 e5 38. Qc5+ Ke6 39. Rf8 e4 40. Qb6+ Ke5 41. Qc7+ Ke6 42. Qf4 Ke7 43. Rb8 Bh3+ 44. Kg1 Bd7 45. Qf8+ Ke6 46. Rb6+ Ke5 47. Qf4# 1-0


[Site "https://www.chess.com"]

[Event "Titled Tuesday Blitz February 15 Late 2022"]
[White "Degardin, Sylvain"]
[Black "Demchenko, Anton"]
[WhiteFideId "20623070"]
[BlackFideId "4160258"]
[WhiteElo "2156"]
[BlackElo "2539"]
[Result "0-1"]
[Round "01"]
[TimeControl "180+1"]
[Date "2022.02.15"]
[WhiteClock "0:00:11"]
[BlackClock "0:00:35"]

1. d4 Nf6 2. c4 d6 3. Nf3 Nbd7 4. Nc3 e5 5. e4 Be7 6. Be2 O-O 7. O-O c6 8. Re1 Qc7 9. Bf1 Re8 10. Rb1 a5 11. a3 Nf8 12. b4 axb4 13. axb4 exd4 14. Nxd4 Ng6 15. Qc2 Bf8 16. g3 h5 17. Bg5 Nh7 18. Be3 h4 19. Bg2 Ne5 20. Qe2 hxg3 21. hxg3 g6 22. Rec1 Ng4 23. Bf4 Bg7 24. Nb3 Be5 25. Bxe5 dxe5 26. f3 Ngf6 27. c5 Nh5 28. Qf2 Qe7 29. Nd2 Be6 30. Nf1 Ra3 31. Ra1 Qg5 32. Ne2 Rxa1 33. Rxa1 Bc4 34. Nc3 Rd8 35. Ne3 Be6 36. Ne2 Rd2 37. Qe1 Qxe3+ 38. Kh2 Qxe2 0-1


[Site "https://www.chess.com"]

[Event "Titled Tuesday Blitz February 15 Late 2022"]
[White "Delaney, Killian"]
[Black "Jobava, Baadur"]
[WhiteFideId "2501570"]
[BlackFideId "13601520"]
[WhiteElo "2306"]
[BlackElo "2617"]
[Result "1/2-1/2"]
[Round "01"]
[TimeControl "180+1"]
[Date "2022.02.15"]
[WhiteClock "0:00:21"]
[BlackClock "0:00:25"]

1. e4 c6 2. d4 d5 3. exd5 cxd5 4. c4 e6 5. Nc3 Nf6 6. Nf3 Be7 7. Bd3 dxc4 8. Bxc4 Nc6 9. O-O O-O 10. Re1 Re8 11. Bg5 h6 12. Be3 Bd6 13. Rc1 Ne7 14. Qd2 Nf5 15. Bf4 Bd7 16. d5 exd5 17. Nxd5 Rxe1+ 18. Rxe1 Bc6 19. Nxf6+ Qxf6 20. Bxd6 Nxd6 21. Bd5 Bxd5 22. Qxd5 Rd8 23. Qb3 b5 24. Rd1 Nc4 25. Rxd8+ Qxd8 26. h3 Qd5 27. a4 a6 28. axb5 axb5 29. Qc3 Qd1+ 30. Kh2 Qd6+ 31. Kg1 Qd1+ 32. Kh2 Qd5 33. Qd4 Qa8 34. b3 Na5 35. Qb6 Nxb3 36. Qxb5 Na5 37. Ne5 Qe4 38. Qxa5 Qf4+ 39. Kg1 Qc1+ 40. Kh2 Qf4+ 41. Kg1 Qc1+ 42. Kh2 Qf4+ 1/2-1/2


[Site "https://www.chess.com"]